 Dungeon Crawl Stone Soup version 0.20.1-1-g8b1a95d (webtiles) character file.

634 bionis the Shield-Bearer (level 7, -2/44 HPs)
             Began as a Gargoyle Fighter on Oct 13, 2017.
             Was an Initiate of Makhleb.
             Slain by Goodini51's ghost (3 damage)
             ... on level 7 of the Dungeon.
             The game lasted 00:12:39 (4188 turns).

bionis the Shield-Bearer (Gargoyle Fighter)         Turns: 4188, Time: 00:12:39

Health: -2/44      AC: 15    Str: 22    XL:     7   Next: 49%
Magic:  7/7        EV:  8    Int:  8    God:    Makhleb [......]
Gold:   232        SH: 10    Dex:  9    Spells: 6/6 levels left

rFire    . . .     SeeInvis .   a - +0 flail
rCold    . . .     Gourm    .   c - +0 shield
rNeg     + . .     Faith    .   b - +0 scale mail
rPois    ∞         Spirit   .   (no helmet)
rElec    +         Reflect  .   (no cloak)
rCorr    .         Harm     .   (no gloves)
MR       .....                  i - +2 pair of boots
Stlth    ..........             (no amulet)
Regen    0.2/turn               (no ring)
MPRegen  0.1/turn               (no ring)

@: no status effects
A: negative energy resistance 1, electricity resistance, unbreathing,
petrification resistance, rot immunity, AC +4
a: Renounce Religion


You were on level 7 of the Dungeon.
You worshipped Makhleb.
Makhleb was noncommittal.
You were hungry.

You visited 1 branch of the dungeon, and saw 7 of its levels.

You collected 232 gold pieces.

Inventory:

Hand Weapons
 a - a +0 flail (weapon)
 o - a +0 falchion
Missiles
 u - 5 poisoned javelins (quivered)
Armour
 b - a +0 scale mail (worn)
 c - a +0 shield (worn)
 i - a +2 pair of boots (worn)
 r - a +0 ring mail
Jewellery
 k - a cursed ring of teleportation {unknown}
Scrolls
 d - 2 scrolls of fog {unknown}
 h - a scroll of identify
 j - 2 scrolls of remove curse {unknown}
 m - a scroll of amnesia {unknown}
 n - 3 scrolls of teleportation
 w - a scroll of enchant armour {unknown}
Potions
 e - 5 potions of heal wounds {unknown}
 g - a potion of brilliance {unknown}
 p - a potion of lignification {unknown}
 q - 3 potions of agility {unknown}
 t - a potion of degeneration {unknown}
Books
 s - a book of Misfortune

   Spells                             Type                      Level
   a - Confusing Touch                Hexes                        1
   b - Confuse                        Hexes                        3
   c - Gell's Gravitas                Translocation                3
   d - Petrify                        Transmutation/Earth          4
   e - Metabolic Englaciation         Hexes/Ice                    5
   f - Yara's Violent Unravelling     Hexes/Transmutation          5
Comestibles
 f - 5 bread rations
 l - 2 royal jellies


   Skills:
 + Level 4.7 Fighting
 + Level 4.4 Maces & Flails
 + Level 4.9 Armour
 + Level 2.0 Dodging
 + Level 5.5 Shields


You had 6 spell levels left.
You didn't know any spells.

Dungeon Overview and Level Annotations

Branches:
Dungeon (7/15)             Temple (0/1) D:6

Altars:
Cheibriados
Elyvilon
Makhleb
Ru

Annotations:
D:5 Eustachio
D:7 Goodini51's ghost, novice DsAr


Innate Abilities, Weirdness & Mutations

You are resistant to torment.
Your stone body is resilient. (AC +4)
You are immune to poison.
You resist negative energy. (rN+)
You are resistant to electric shocks. (rElec)
You can survive without breathing.
You are immune to petrification.
You are immune to rotting.


Message History

Goodini51's ghost is lightly damaged.
Goodini51's ghost completely misses you.
Your shield and scale mail prevent you from hitting Goodini51's ghost.
Goodini51's ghost is lightly damaged.
You block Goodini51's ghost's attack. Goodini51's ghost hits you.
* * * LOW HITPOINT WARNING * * *
You hit Goodini51's ghost but do no damage.
Goodini51's ghost is lightly damaged.
An orc wizard appears from thin air!
Reactivating autopickup.
You block Goodini51's ghost's attack.
You hit Goodini51's ghost.
Goodini51's ghost is lightly damaged.
You block Goodini51's ghost's attack.
You miss Goodini51's ghost.
Goodini51's ghost is lightly damaged.
Goodini51's ghost hits you.
* * * LOW HITPOINT WARNING * * *
Goodini51's ghost hits you.
You die...

#..#.....
.....).#
#..{>#
#<.#
#.####..#
#?......#
######.##
####o####
#...orW@#
#.##.##.#
# #.##.#
#.##.#
#.##.#
#.##.#
.....#
#.####


You could see an orc wizard, Goodini51's ghost, an orc and a quokka.

Vanquished Creatures
  An orc warrior (D:6)
  2 centaurs (D:6)
  A hound (D:4)
  An orc wizard (D:6)
  A centaur skeleton (D:4)
  An iguana (D:4)
  Terence (D:3)
  2 worker ants
  A hound skeleton (D:4)
  3 gnolls (D:3)
  A howler monkey skeleton (D:6)
  7 adders
  A shadow imp (D:6)
  An ooze (D:6)
  A worm (D:2)
  3 dart slugs
  2 leopard geckos
  10 orcs
  2 ball pythons
  4 bats
  9 goblins
  5 hobgoblins
  3 jackals (D:2)
  A quokka (D:2)
  A frilled lizard (D:2)
  3 kobolds (D:1)
  5 rats
73 creatures vanquished.

Notes
Turn   | Place    | Note
-------+----------+-------------------------------------------
     0 | D:1      | bionis the Gargoyle Fighter began the quest for the Orb.
     0 | D:1      | Reached XP level 1. HP: 14/14 MP: 1/1
   150 | D:1      | Reached XP level 2. HP: 19/19 MP: 2/2
   750 | D:2      | Found a sacrificial altar of Ru.
   800 | D:2      | Reached XP level 3. HP: 23/23 MP: 3/3
   865 | D:2      | Found a snail-covered altar of Cheibriados.
   998 | D:2      | Reached XP level 4. HP: 19/29 MP: 4/4
  1098 | D:2      | Found a burning altar of Makhleb.
  1108 | D:2      | Became a worshipper of Makhleb the Destroyer
  1212 | D:3      | Reached skill level 4 in Shields
  1226 | D:3      | Reached XP level 5. HP: 25/33 MP: 5/5
  1623 | D:3      | Noticed Terence
  1636 | D:3      | Killed Terence
  1636 | D:3      | Reached skill level 1 in Dodging
  2117 | D:4      | Reached XP level 6. HP: 38/39 MP: 6/6
  2836 | D:5      | Entered Level 5 of the Dungeon
  2876 | D:5      | Noticed Eustachio
  2983 | D:6      | Reached skill level 5 in Shields
  2983 | D:6      | Reached XP level 7. HP: 38/44 MP: 7/7
  3042 | D:6      | Found a snail-covered altar of Cheibriados.
  3228 | D:6      | Found a white marble altar of Elyvilon.
  3269 | D:6      | HP: 2/44 [orc warrior/battleaxe (13)]
  3837 | D:6      | Found a staircase to the Ecumenical Temple.
  4129 | D:7      | Noticed Goodini51's ghost (novice DsAr)
  4188 | D:7      | HP: 1/44 [Goodini51's ghost (3)]
  4188 | D:7      | Slain by Goodini51's ghost

Skill      XL: |  1  2  3  4  5  6  7 |
---------------+----------------------+-----
Maces & Flails | 3 4 |  4.4
Shields        | 4 5 |  5.5
Armour         | 4 |  4.9
Fighting       | 4 |  4.7
Dodging        | 1 2 |  2.0

Action                   |  1- 3 |  4- 6 |  7- 9 || total
-------------------------+-------+-------+-------++-------
Melee: Flail             |   130 |   198 |    99 ||   427
  Use: Scroll            |       |     4 |       ||     4
       Potion            |       |     1 |       ||     1
  Eat: Chunk             |     1 |     5 |     2 ||     8
       Fruit             |       |       |     3 ||     3
Armor: Scale mail        |   127 |   142 |    36 ||   305
Dodge: Dodged            |    59 |   100 |    17 ||   176
Block: Shield            |    97 |   121 |    35 ||   253
